 Dungeon Crawl Stone Soup version 0.25-a0-62-g88673ef095 (webtiles) character file.

Game seed: 13992876717951341294, levelgen mode: deterministic

4371 iamserjio the Fighter (level 10, -3/72 HPs)
             Began as an Octopode Abyssal Knight on Oct 30, 2019.
             Was an Elder of Lugonu.
             Slain by an orc warrior
             ... wielding a +0 glaive
              (22 damage)
             ... on level 8 of the Dungeon.
             The game lasted 00:21:30 (12689 turns).

iamserjio the Fighter (Octopode Abyssal Knight)    Turns: 12689, Time: 00:21:30

Health: -3/72      AC:  1    Str: 12    XL:     10   Next: 34%
Magic:  16/16      EV: 18    Int: 14    God:    Lugonu [****..]
Gold:   204        SH:  6    Dex: 15    Spells: 7/17 levels left

rFire    . . .     SeeInvis .   P - +0 demon whip
rCold    . . .     Gourm    .   B - +0 buckler
rNeg     . . .     Faith    .   (helmet restricted)
rPois    +         Spirit   .   (no amulet)
rElec    .         Reflect  .   h - +1 ring of evasion
rCorr    .         Harm     .   i - ring of poison resistance
MR       .....                  (no ring)
Stlth    ++........             (no ring)
HPRegen  0.22/turn              (no ring)
MPRegen  0.15/turn              (no ring)
                                (no ring)
                                (no ring)

@: no status effects
A: almost no armour, stealthy swim, amphibious, 8 rings, constrict 8, camouflage
1, gelatinous body 1
a: Depart the Abyss, Bend Space, Banish, Corrupt, Renounce Religion


You were on level 8 of the Dungeon.
You worshipped Lugonu.
Lugonu was greatly pleased with you.
You were very hungry.

You visited 1 branch of the dungeon, and saw 9 of its levels.
You visited the Abyss 1 time.

You collected 555 gold pieces.
You spent 351 gold pieces at shops.

Inventory:

Hand Weapons
 a - a +1 short sword
 o - a +0 flail of protection
 s - a +0 morningstar
 u - a +0 hunting sling
 w - a +0 war axe
 C - a +0 rapier
 D - a +1 hand axe of freezing
 E - a +0 dagger of venom
 F - a +1 whip of freezing
 H - a +0 trident
 M - a +0 scimitar
 P - a +0 demon whip (weapon)
Missiles
 f - 31 sling bullets
 g - 78 poisoned darts
 k - 219 stones
 p - 259 arrows
 x - 7 boomerangs
 G - 2 throwing nets {!f}
 N - 4 curare-tipped darts (quivered)
Armour
 B - a +0 buckler (worn)
Jewellery
 h - a +1 ring of evasion (left tentacle)
 i - a ring of poison resistance (right tentacle)
Wands
 O - a wand of paralysis (6)
Scrolls
 d - a scroll of fear {unknown}
 l - 2 scrolls of magic mapping
 t - 3 scrolls of teleportation {@r3}
 y - 4 scrolls of remove curse {@r2}
 z - 2 scrolls of amnesia
 J - a scroll of identify {@r1}
Potions
 c - 3 potions of lignification
 e - a potion of might {unknown}
 j - a potion of ambrosia {unknown}
 m - 2 potions of invisibility {unknown}
 n - 3 potions of curing {@q1}
 q - a potion of flight {unknown}
 r - a potion of haste {unknown}
 v - 2 potions of cancellation {unknown}
 A - a potion of resistance
 I - a potion of brilliance {unknown}
 K - a potion of berserk rage {unknown}
 L - a potion of agility {unknown}
Comestibles
 b - 22 rations


   Skills:
 - Level 8.0 Fighting
 - Level 2.0 Short Blades
 * Level 4.6 Maces & Flails
 - Level 6.6 Dodging
 - Level 6.0 Shields
 - Level 4.0 Spellcasting
 - Level 5.0 Hexes
 - Level 4.0 Invocations
 - Level 2.0 Evocations


You had 7 spell levels left.
You knew the following spells:

 Your Spells              Type           Power        Failure   Level  Hunger
a - Corona                Hex            ###....      2%          1    None
b - Confuse               Hex            ###.....     8%          3    ###....
c - Tukima's Dance        Hex            ###.....     8%          3    ###....
d - Dazzling Spray        Conj/Hex       #.....       21%         3    ###....

Your spell library contained the following spells:

 Spells                   Type           Power        Failure   Level  Hunger
 Ensorcelled Hibernation  Hex/Ice        #.....       11%         2    ##.....


Dungeon Overview and Level Annotations

Branches:
Dungeon (9/15)             Temple (0/1) D:7
   Lair: D:8-11         Orc: D:9-12

Altars:
Ashenzari
Dithmenos
Elyvilon
Gozag
Ru
Trog
Uskayaw
Vehumet
Zin

Shops:
D:7 !

Annotations:
D:4 2 transporters, Iscandelvey's ghost, amateur DsAM
D:5 1 runed translucent door, Yorgos's ghost, amateur DsAK
D:7 1 transporter, jackserious's ghost, novice FeBe


Innate Abilities, Weirdness & Mutations

You cannot wear most types of armour.
You are very stealthy in the water. (Stealth+)
You are amphibious.
You can wear up to eight rings at the same time.
You can use your tentacles to constrict eight enemies at once.
Your skin changes colour to match your surroundings (Stealth+).
Your rubbery body absorbs attacks. (AC +1, EV +1)


Message History

You now have 204 gold pieces (gained 18).
Things that are here:
a +0 whip; a +0 robe There isn't anything to butcher here.
You start resting.
Your magical contamination has completely faded away.
You start resting.
An orc comes into view. It is wielding a +0 war axe.
What are your orders? t - Shout!
Orders for allies: a - Attack new target. r - Retreat! s - Stop attacking. g - Guard the area. f - Follow me.
Anything else - Cancel.
You shout for attention!
You hear a shout!
The orc shouts!
You hear a shout!
An orc warrior comes into view. It is wielding a +0 glaive.
You start resting.
The orc is too close now for your liking.
The orc warrior hits you from afar with a +0 glaive!!
You die...

####..# #.#..# #.# #.#
##.....# #.#.o# #.#
#.# ##.###..# #o#..#
#.# #.#
#.#####.###.#.># #.#
#.######
..##.##.#......# #.#
#.......
#.#.#.#.#.#.#..# #.#
####>###
...###......#..# #.#
######)###
###...#.......o#####.#
#.....)...
####............@....#
#.####.##. .#
##.#######.########
#.# #.### .# #.# #.#
#.# #.# # .#
#.#######.## #.# #.# #
## #..........# #.#
#.### #####.####.#
#.####.... #..).#.#
#......... ####.#.#
##.#.###.. #.#.#
#.#.###.#


You could see an orc warrior.

Vanquished Creatures
  Grinder (D:6)
  A spriggan (D:7)
  A wyvern (D:9)
  Menkaure (D:6)
  An ice beast (D:7)
  2 sky beasts
  3 orc warriors
  2 phantoms
  6 ogres
  7 centaurs
  A big kobold (D:9)
  Blork the orc (D:6)
  2 scorpions
  13 killer bees
  3 crimson imps
  A bullfrog zombie (D:5)
  A hound (D:4)
  5 jellies
  A centaur skeleton (D:6)
  6 orc priests
  5 orc wizards
  Jessica (D:2)
  An iguana (D:9)
  5 worker ants
  3 hound skeletons
  A howler monkey zombie (D:5)
  13 adders
  2 gnolls
  3 shadow imps
  An ooze (D:7)
  4 worms
  6 leopard geckos
  29 orcs
  7 bats
  4 giant cockroaches
  5 goblins
  5 hobgoblins
  5 jackals
  12 kobolds
  3 quokkas
  A ball python (D:2)
  4 frilled lizards
  A giant cockroach zombie (D:6)
  2 leopard gecko zombies
  9 rats
191 creatures vanquished.

Vanquished Creatures (others)
  An orc (D:9)
  6 plants (D:7)
7 creatures vanquished.

Grand Total: 198 creatures vanquished

Notes
Turn   | Place    | Note
-------+----------+-------------------------------------------
     0 | Abyss:1  | iamserjio the Octopode Abyssal Knight began the quest for
                  | the Orb.
     0 | Abyss:1  | Reached XP level 1. HP: 16/16 MP: 2/2
     2 | D:1      | Escaped the Abyss
   303 | D:1      | Reached XP level 2. HP: 21/21 MP: 3/3
   763 | D:1      | Reached XP level 3. HP: 26/26 MP: 4/4
  1244 | D:2      | Reached * piety under Lugonu
  1244 | D:2      | Reached XP level 4. HP: 28/33 MP: 5/5
  1482 | D:2      | Found a sacrificial altar of Ru.
  1554 | D:2      | Noticed Jessica
  1570 | D:2      | Killed Jessica
  1570 | D:2      | Reached skill level 4 in Fighting
  2129 | D:3      | Found a glowing silver altar of Zin.
  2315 | D:3      | Found a radiant altar of Vehumet.
  2315 | D:3      | Found an opulent altar of Gozag.
  2407 | D:3      | Reached XP level 5. HP: 33/37 MP: 6/6
  2742 | D:3      | Reached ** piety under Lugonu
  3164 | D:4      | Found a transporter.
  3166 | D:4      | Found a transporter.
  3174 | D:4      | Noticed Iscandelvey's ghost (amateur DsAM)
  3176 | D:4      | Noticed an ogre
  3427 | D:4      | Noticed a phantom
  3456 | D:4      | Killed a phantom
  3456 | D:4      | Reached skill level 1 in Shields
  3456 | D:4      | Reached XP level 6. HP: 34/44 MP: 7/7
  3640 | D:4      | Found a white marble altar of Elyvilon.
  3983 | D:4      | Found a hide-covered altar of Uskayaw.
  4358 | D:4      | Learned a level 1 spell: Corona
  4362 | D:4      | Learned a level 3 spell: Confuse
  4363 | D:5      | Entered Level 5 of the Dungeon
  4581 | D:5      | Reached skill level 1 in Hexes
  4618 | D:5      | Reached skill level 1 in Spellcasting
  4789 | D:5      | Reached XP level 7. HP: 44/49 MP: 7/9
  5111 | D:5      | Found an opulent altar of Gozag.
  5595 | D:5      | Found a runed translucent door.
  5595 | D:5      | Noticed Yorgos's ghost (amateur DsAK)
  5612 | D:5      | Noticed a hippogriff
  6105 | D:6      | Reached XP level 8. HP: 49/54 MP: 11/11
  6372 | D:6      | Found a bloodstained altar of Trog.
  6415 | D:6      | Reached skill level 5 in Dodging
  6523 | D:6      | Reached skill level 5 in Fighting
  6523 | D:6      | Reached skill level 1 in Evocations
  6702 | D:6      | Noticed Menkaure
  7100 | D:7      | Found Ahusen's Distillery.
  7105 | D:7      | Bought 2 potions of degeneration for 26 gold pieces
  7105 | D:7      | Bought a potion of lignification for 39 gold pieces
  7105 | D:7      | Bought a potion of heal wounds for 65 gold pieces
  7105 | D:7      | Bought a potion of lignification for 39 gold pieces
  7105 | D:7      | Bought 2 potions of curing for 78 gold pieces
  7105 | D:7      | Bought a potion of heal wounds for 65 gold pieces
  7105 | D:7      | Bought a potion of lignification for 39 gold pieces
  7223 | D:7      | Found a shattered altar of Ashenzari.
  7645 | D:7      | Reached skill level 6 in Fighting
  7697 | D:7      | Found a transporter.
  7708 | D:7      | Noticed jackserious's ghost (novice FeBe)
  7916 | D:7      | Found a transporter.
  8023 | D:7      | Noticed a spriggan baker
  8028 | D:7      | Killed a spriggan baker
  8028 | D:7      | Reached XP level 9. HP: 38/63 MP: 13/13
  8255 | D:7      | Found a staircase to the Ecumenical Temple.
  8379 | D:7      | Learned a level 3 spell: Tukima's Dance
  8418 | D:6      | Noticed Blork the orc
  8432 | D:6      | Killed Blork the orc
  8594 | D:6      | Killed Menkaure
  8625 | D:6      | Noticed Grinder
  8633 | D:6      | Paralysed by Grinder for 7 turns
  8651 | D:6      | Killed Grinder
  8929 | D:6      | Reached skill level 7 in Fighting
  9157 | D:6      | Learned a level 3 spell: Dazzling Spray
  9675 | D:8      | Reached skill level 5 in Shields
  9751 | D:7      | Reached *** piety under Lugonu
 10319 | D:8      | Reached skill level 5 in Hexes
 10955 | D:8      | Reached skill level 1 in Maces & Flails
 10968 | D:8      | Reached XP level 10. HP: 11/72 MP: 16/16
 11345 | D:8      | Found a shadowy altar of Dithmenos.
 12261 | D:9      | Reached skill level 8 in Fighting
 12387 | D:9      | Reached **** piety under Lugonu
 12689 | D:8      | Slain by an orc warrior

Levels and vault maps discovered:
D:1:      arrival_zaba_pyramid, layout_loops_ring, chequers_serial_rivers_marsh,
          kennysheep_nondescript
D:2:      minmay_general_purpose_star, layout_basic,
          nicolae_ru_the_path_less_chosen, uniq_jessica
D:3:      layout_basic, zin_statuary, amethyst_overflow_temple_binary,
          first_ration, serial_curves, eino_curves_03, eino_curves_01
D:4:      layout_layer_cave, elyvilon_altar_3, marbit_many_paths,
          gammafunk_ghost_smash
D:5:      layout_rooms, basic_altar, ebering_ghost_inner_flame
D:6:      layout_basic, kennysheep_mini, uniq_menkaure, uniq_blork_the_orc,
          uniq_grinder
D:7:      layout_loops_ring, lemuel_temple_firewalk_b,
          gammafunk_ghost_gnarly_gnolls, basic_altar, serial_shops,
          kennysheep_little_box, the_bakery
D:8:      layout_loops_ring, nicolae_dithmenos_through_a_glass_darkly
D:9:      cheibrodos_ideogram_h, layout_rooms, grunt_qazlal_clouds,
          nicolae_overflow_hidden_temple

Skill      XL: |  1  2  3  4  5  6  7  8  9 10 |
---------------+-------------------------------+-----
Dodging        | 3 4 6 |  6.6
Fighting       | 4 6 7 8 |  8.0
Shields        | 1 2 4 5 6 |  6.0
Hexes          | 1 3 4 5 |  5.0
Spellcasting   | 1 2 3 4 |  4.0
Evocations     | 2 |  2.0
Invocations    | 3 4 |  4.0
Maces & Flails | 1 4 |  4.6
Short Blades   | |  2.0

Action                   |  1- 3 |  4- 6 |  7- 9 | 10-12 || total
-------------------------+-------+-------+-------+-------++-------
Melee: Short sword       |    47 |   114 |    71 |       ||   232
       Tentacles         |     9 |    22 |    81 |    21 ||   133
       Constrict         |    11 |    29 |    50 |    23 ||   113
       Dagger            |       |       |   201 |       ||   201
       Demon whip        |       |       |    37 |   125 ||   162
 Fire: Hunting sling     |       |    25 |    39 |       ||    64
Throw: Dart              |     6 |    12 |    16 |     3 ||    37
 Cast: Confuse           |       |       |     4 |       ||     4
Invok: Depart the Abyss  |     1 |       |       |       ||     1
       Bend Space        |       |       |     1 |       ||     1
Evoke: Wand              |       |       |    12 |       ||    12
  Use: Scroll            |       |       |     4 |     5 ||     9
       Potion            |       |       |     6 |       ||     6
 Stab: Sleeping          |     2 |    12 |     3 |     1 ||    18
       Paralysed         |       |       |    16 |       ||    16
       Confused          |       |       |     2 |       ||     2
       Distracted        |       |       |     1 |     1 ||     2
  Eat: Chunk             |     1 |     6 |     9 |     3 ||    19
       Ration            |       |     1 |     4 |       ||     5
Armor: Skin              |     3 |     4 |    40 |     4 ||    51
Dodge: Dodged            |    31 |    66 |   214 |    83 ||   394
Block: Buckler           |       |     4 |    72 |    25 ||   101

Table legend:
 A = Non-vault XP
 B = Vault XP
 C = Vault XP percentage of total XP
 D = Non-vault monster count
 E = Vault monster count
 F = Vault count percentage of total count
                 A         B        C        D         E       F
            +---------+---------+-------+---------+---------+-------
      Total |    5029 |    1216 |  19.5 |     174 |      17 |   8.9
            +---------+---------+-------+---------+---------+-------
        D:1 |      34 |       0 |   0.0 |      12 |       0 |   0.0
        D:2 |      47 |      52 |  52.5 |      20 |       3 |  13.0
        D:3 |      77 |       0 |   0.0 |      25 |       0 |   0.0
        D:4 |     192 |      33 |  14.7 |       6 |       1 |  14.3
        D:5 |     480 |       0 |   0.0 |      19 |       0 |   0.0
        D:6 |    1040 |     521 |  33.4 |      26 |       3 |  10.3
        D:7 |     706 |     228 |  24.4 |      11 |       2 |  15.4
        D:8 |    1821 |     132 |   6.8 |      40 |       1 |   2.4
        D:9 |     632 |     250 |  28.3 |      15 |       7 |  31.8
            +---------+---------+-------+---------+---------+-------
